 Dungeon Crawl Stone Soup version 0.30.1-11-g7821555f0a (webtiles) character file.

Game seed: 10624456009101856720

48216 sirdond the Severer (level 14, -10/138 HPs)
             Began as a Hill Orc Fighter on Nov 14, 2023.
             Was a High Priest of Trog.
             Mangled by a minotaur simulacrum (12 damage)
             ... in an ice cave.
             The game lasted 01:17:28 (20472 turns).

sirdond the Severer (Hill Orc Fighter)             Turns: 20472, Time: 01:17:28

Health: -10/138    AC: 26    Str: 23    XL:     14   Next: 45%
Magic:  14/14      EV:  7    Int: 10    God:    Trog [*****.]
Gold:   1083       SH:  7    Dex: 14    Spells: 13/13 levels left

rFire   + + .        U - +0 war axe (venom)
rCold   + . .        R - +2 buckler
rNeg    . . .        W - +2 plate armour {rF+}
rPois   +            N - +1 hat {Int+3}
rElec   +            x - +0 cloak {Stlth+}
rCorr   +            (no gloves)
SInv    .            k - +0 pair of boots
Will    ++++.        T - amulet of regeneration Stlth
                     s - ring of Gajysch {+Blink Will+ rCorr}
HPRegen 2.23/turn    D - +4 ring of protection
MPRegen 0.14/turn

%: no passive effects
@: resistant, strong-willed, regenerating, hasted, very quick
A: agile 1
a: Renounce Religion, Evoke Blink, Berserk, Trog's Hand, Brothers in Arms


You were in an ice cave.
You worshipped Trog.
Trog was extremely pleased with you.
You visited 3 branches of the dungeon, and saw 20 of its levels.
You also visited: Sewer, Ossuary and Ice Cave.

You collected 1179 gold pieces.
You spent 96 gold pieces at shops.

Inventory:

Hand Weapons
 y - a +0 heavy war axe
 H - a +1 whip of electrocution
 K - the +6 sling of Prudence {heavy, rF+}
   (You found it on level 6 of the Dungeon)

   rF:        It protects you from fire.
 U - a +0 war axe of venom (weapon)
Missiles
 q - 30 poisoned darts (quivered)
 M - 4 throwing nets
Armour
 k - a +0 pair of boots (worn)
 x - a +0 cloak of stealth (worn)
 N - a +1 hat of intelligence (worn)
 R - a +2 buckler (worn)
 W - a +2 plate armour of fire resistance (worn)
Jewellery
 d - an amulet of the acrobat
 s - the ring of Gajysch (left hand) {+Blink Will+ rCorr}
   (You found it in a sewer)

   [ring of willpower]

   +Blink:    It lets you blink.
   rCorr:     It protects you from acid and corrosion.
   Will:      It increases your willpower.
 A - a +6 ring of strength
 B - a +6 ring of dexterity
 D - a +4 ring of protection (right hand)
 J - a ring of flight
 T - an amulet of regeneration (around neck)
Wands
 a - a wand of flame (7)
 b - a wand of quicksilver (4)
 G - a wand of roots (16)
 P - a wand of mindburst (4)
 Q - a wand of charming (18)
Scrolls
 c - a scroll of enchant armour
 h - 4 scrolls of blinking
 i - 2 scrolls of brand weapon
 j - 3 scrolls of amnesia
 l - 3 scrolls of fear
 m - 5 scrolls of immolation {unknown}
 n - 7 scrolls of vulnerability
 o - a scroll of acquirement
 r - 11 scrolls of teleportation
 t - 5 scrolls of fog
 w - 4 scrolls of magic mapping
 E - 4 scrolls of enchant weapon
 F - 2 scrolls of poison
 L - 2 scrolls of noise
 O - 2 scrolls of torment
Potions
 e - 12 potions of mutation
 f - 3 potions of brilliance
 g - 11 potions of curing
 p - 8 potions of attraction
 u - 3 potions of resistance
 v - 3 potions of magic
 z - 6 potions of lignification
 C - a potion of flight
 I - a potion of haste
 V - 2 potions of might
Miscellaneous
 S - a piece from Xom's chessboard (15/15)


   Skills:
 + Level 16.8 Fighting
 + Level 18.3(19.0) Axes
 - Level 7.2(12.4) Maces & Flails
 + Level 14.5 Armour
 - Level 5.0 Shields


You had 13 spell levels left.
You didn't know any spells.
Your spell library contained the following spells:

 Spells                   Type           Power      Damage    Failure   Level
 Blink                    Tloc           0%         N/A       99%         2
 Ensorcelled Hibernation  Hex/Ice        0%         N/A       99%         2
 Lesser Beckoning         Tloc           0%         N/A       99%         2
 Momentum Strike          Conj/Tloc      0%         3d8       99%         2
 Passwall                 Tmut/Erth      0%         N/A       99%         2
 Swiftness                Air            0%         N/A       100%        3
 Iskenderun's Battlesphe  Conj           0%         2d6       100%        5
 Iron Shot                Conj/Erth      0%         9d1       100%        6
 Spellforged Servitor     Conj/Summ      0%         N/A       100%        7


Dungeon Overview and Level Annotations

Branches:
Dungeon (14/15)            Temple (1/1) D:7            Lair (5/5) D:8
 Shoals (0/4) Lair:2       Spider (0/4) Lair:2        Slime (0/5) Lair:4
    Orc (0/2) D:12          Sewer (visited)         Ossuary (visited)
  IceCv (1/1)
 Vaults: D:13-14

Altars:
Ashenzari
Cheibriados
Dithmenos
Elyvilon
Fedhas
Gozag
Hepliaklqana
Kikubaaqudgha
Makhleb
Nemelex Xobeh
Okawaru
Qazlal
Ru
Sif Muna
Trog
Uskayaw
Vehumet
Wu Jian
Xom
Yredelemnul
Zin
The Shining One
Jiyva

Shops:
D:3 (![!   D:8 :   D:10 (

Annotations:
D:9 Erolcha
D:13 Frances
Lair:4 3 runed translucent doors, Ceyroiss's ghost, journeyman HuWn
Lair:5 1 runed translucent door, mihai's ghost, journeyman DjCj


Innate Abilities, Weirdness & Mutations

You are agile. (Dex +4, Str/Int -1)


Message History

You hit the spriggan defender simulacrum.
The spriggan defender simulacrum is severely damaged.
The spriggan defender simulacrum hits you but does no damage.
You slash the spriggan defender simulacrum!
The spriggan defender simulacrum is almost destroyed.
The spriggan defender simulacrum hits you.
The spriggan defender simulacrum freezes you!
You resist.
* * * LOW HITPOINT WARNING * * *
You feel much better.
The spriggan defender simulacrum hits you!
The spriggan defender simulacrum freezes you!
You resist.
* * * LOW HITPOINT WARNING * * *
You closely miss the spriggan defender simulacrum.
The spriggan defender simulacrum is almost destroyed.
The spriggan defender simulacrum completely misses you.
You slash the spriggan defender simulacrum!
The spriggan defender simulacrum vaporises!
Trog accepts your kill.
You hit the minotaur simulacrum.
The minotaur simulacrum is lightly damaged.
The minotaur simulacrum hits you!
* * * LOW HITPOINT WARNING * * *
The minotaur simulacrum freezes you! You resist.
* * * LOW HITPOINT WARNING * * *
The minotaur simulacrum gores you but does no damage.
You feel yourself speed up.
You hit the minotaur simulacrum.
The minotaur simulacrum is moderately damaged.
You block the minotaur simulacrum's attack.
The minotaur simulacrum closely misses you.
You hit the minotaur simulacrum.
The minotaur simulacrum is moderately damaged.
You hit the minotaur simulacrum but do no damage.
The minotaur simulacrum is moderately damaged.
The minotaur simulacrum hits you!
* * * LOW HITPOINT WARNING * * *
The minotaur simulacrum freezes you! You resist.
You die...

. .# #.##
##≈≈# #≈≈≈# .
## #≈≈≈#
..###.####≈≈#
#........##@#
#.....∩ZZ##
##.#....Z.#
#####..# ####


You could see 2 minotaur simulacra and a deep troll simulacrum.

Vanquished Creatures
  Gastronok (D:9)
  A fire dragon (Lair:5)
  4 hydras
  Harold (Lair:2)
  A catoblepas (D:13)
  Erica (D:8)
  2 two-headed ogres (D:11)
  A boulder beetle (D:12)
  A skyshark (Lair:4)
  A spriggan simulacrum (IceCv)
  Pikel (D:5)
  2 lindwurms
  A manticore (D:12)
  Maurice (D:8)
  3 cyclopes
  8 black mambas
  2 molten gargoyles (Lair:5)
  A gargoyle (D:10)
  13 cane toads
  3 rime drakes
  17 komodo dragons
  An efreet (D:14)
  Psyche (D:8)
  A troll (D:11)
  3 polar bears
  A hornet (D:9)
  Prince Ribbit (D:6)
  19 blink frogs
  Grinder (Sewer)
  11 dream sheep
  A snapping turtle (Lair:2)
  5 slime creatures (D:12)
  A shadow (D:10)
  4 wyverns
  34 yaks
  A wraith (D:11)
  4 basilisks
  4 steam dragons
  Eustachio (D:6)
  8 vampire mosquitoes (D:11)
  Edmund (D:6)
  An acid dragon (D:9)
  4 hell hounds (Lair:5)
  Menkaure (D:6)
  8 water moccasins
  4 orc warriors
  10 ice beasts
  2 black bears
  11 wolves
  2 ogres
  2 centaurs
  A phantom (D:5)
  A lemure (D:5)
  2 kobold brigands (Sewer)
  9 bullfrogs
  3 elf zombies (Ossuary)
  3 scorpions
  5 killer bees (D:9)
  A howler monkey (D:11)
  5 lava snakes (Lair:5)
  A centaur zombie (Ossuary)
  A quasit (Sewer)
  2 human zombies (Ossuary)
  11 orc priests
  A jelly (D:7)
  2 gnoll boudas
  6 hounds
  A sleepcap (D:5)
  4 iguanas
  12 orc wizards
  7 hell rats
  Terence (D:2)
  2 mummies (Ossuary)
  8 gnolls
  Robin (D:3)
  12 adders
  A shadow imp (Sewer)
  A white imp (D:6)
  6 ufetubi
  An adder zombie (Ossuary)
  7 worms
  6 dart slugs
  37 orcs
  6 bats
  A bat zombie (Sewer)
  5 endoplasms
  12 giant cockroaches
  13 goblins
  12 hobgoblins
  12 jackals
  3 quokkas
  3 training dummies (D:10)
  12 ball pythons
  A frilled lizard (D:2)
  A goblin zombie (Ossuary)
  14 hobgoblin zombies (Ossuary)
  A jackal zombie (Ossuary)
  21 kobolds
  8 kobold zombies
  6 orc zombies (Ossuary)
  8 rats
  A rat zombie (Ossuary)
515 creatures vanquished.

Vanquished Creatures (collateral kills)
  A wyvern (Lair:2)
1 creature vanquished.

Vanquished Creatures (others)
  A giant cockroach zombie (Sewer)
1 creature vanquished.

Grand Total: 517 creatures vanquished

Notes
Turn   | Place    | Note
-------+----------+-------------------------------------------
     0 | D:1      | sirdond the Hill Orc Fighter began the quest for the Orb.
     0 | D:1      | Reached XP level 1. HP: 19/19 MP: 1/1
    55 | D:1      | Reached skill level 3 in Axes
    55 | D:1      | Reached XP level 2. HP: 4/27 MP: 2/2
   176 | D:1      | Found a faded altar of an unknown god.
   293 | D:1      | Reached XP level 3. HP: 20/33 MP: 3/3
   732 | D:1      | Reached XP level 4. HP: 39/40 MP: 4/4
   888 | D:2      | Noticed Terence
   895 | D:2      | Killed Terence
   960 | D:2      | Reached XP level 5. HP: 40/47 MP: 5/5
  1204 | D:2      | You fall into a shaft and drop 2 floors!
  1268 | D:4      | Reached skill level 4 in Axes
  1334 | D:4      | Reached skill level 5 in Shields
  1494 | D:4      | HP: 1/31 [something (15)]
  1497 | D:4      | Reached XP level 6. HP: 16/41 MP: 6/6
  1546 | D:4      | Found a glowing drain.
  1589 | Sewer    | Entered a sewer
  2706 | Sewer    | Reached skill level 5 in Fighting
  2706 | Sewer    | Reached skill level 5 in Axes
  2724 | Sewer    | Noticed Grinder
  2784 | Sewer    | Found a burning altar of Makhleb.
  2786 | Sewer    | Gained mutation: You are agile. (Dex +4, Str/Int -1)
                  | [potion of mutation]
  2797 | Sewer    | Paralysed by Grinder for 2 turns
  2804 | Sewer    | Killed Grinder
  2805 | Sewer    | Reached skill level 6 in Axes
  2805 | Sewer    | Reached skill level 5 in Armour
  2805 | Sewer    | Reached XP level 7. HP: 22/61 MP: 7/7
  2828 | Sewer    | Identified the ring of Gajysch {+Blink Will+ rCorr}
  3308 | D:4      | Reached skill level 7 in Axes
  3340 | D:3      | Found Waxtudel's Antique Weapon Boutique.
  3403 | D:3      | Found a burning altar of Makhleb.
  3618 | D:3      | Reached XP level 8. HP: 61/70 MP: 8/8
  3825 | D:3      | Found Adueqorr's Distillery.
  3832 | D:3      | Found Muufuzxaklo's Antique Armour Boutique.
  3834 | D:3      | Bought a potion of lignification for 30 gold pieces
  3942 | D:3      | Noticed Robin
  3947 | D:3      | Killed Robin
  4068 | D:3      | Found Liut's Distillery.
  4090 | D:3      | Bought a potion of attraction for 33 gold pieces
  4090 | D:3      | Bought a potion of flight for 33 gold pieces
  4701 | D:5      | Entered Level 5 of the Dungeon
  4730 | D:5      | Reached skill level 8 in Axes
  5324 | D:5      | Reached skill level 9 in Axes
  5574 | D:5      | Noticed Pikel
  5611 | D:5      | Killed Pikel
  5612 | D:5      | Reached skill level 10 in Axes
  5612 | D:5      | Reached XP level 9. HP: 25/80 MP: 9/9
  5800 | D:5      | Found a hide-covered altar of Uskayaw.
  5996 | D:6      | Noticed Menkaure
  6022 | D:6      | Found a sand-covered staircase.
  6027 | Ossuary  | Entered an ossuary
  6368 | D:6      | Killed Menkaure
  6369 | D:6      | Reached skill level 11 in Axes
  6518 | D:6      | Noticed Edmund
  6534 | D:6      | Killed Edmund
  6813 | D:6      | Noticed Eustachio
  6822 | D:6      | Killed Eustachio
  6881 | D:6      | Identified the +6 sling of Prudence {heavy, rF+}
  6886 | D:6      | Found an ancient bone altar of Kikubaaqudgha.
  6963 | D:6      | Noticed Prince Ribbit
  6969 | D:7      | Found a stormy altar of Qazlal.
  6980 | D:6      | Killed Prince Ribbit
  7126 | D:7      | Found a hazy altar of Hepliaklqana.
  7152 | D:7      | Reached skill level 12 in Axes
  7203 | D:7      | Found a blossoming altar of Fedhas.
  7243 | D:7      | Reached XP level 10. HP: 82/90 MP: 10/10
  7804 | D:7      | Found a staircase to the Ecumenical Temple.
  7815 | Temple   | Entered the Ecumenical Temple
  7868 | Temple   | Became a worshipper of Trog the Wrathful
  7994 | D:7      | Found a broken altar of Ashenzari.
  8170 | D:8      | Found Taybittu's Vocational Training.
  8264 | D:8      | Noticed Erica
  8286 | D:8      | Reached skill level 13 in Axes
  8325 | D:8      | Found a radiant altar of Vehumet.
  8339 | D:8      | Killed Erica
  8578 | D:8      | Noticed Maurice
  8638 | D:8      | Killed Maurice
  8872 | D:8      | Reached skill level 10 in Fighting
  8881 | D:8      | Reached * piety under Trog
  8882 | D:8      | Reached skill level 14 in Axes
  9276 | D:8      | Noticed Psyche
  9285 | D:8      | Killed Psyche
  9427 | D:8      | Found a staircase to the Lair.
  9567 | D:8      | Found a glowing golden altar of the Shining One.
  9854 | D:9      | Found an iron altar of Okawaru.
  9984 | D:9      | Noticed Erolcha
 10151 | D:9      | Noticed Gastronok
 10208 | D:9      | Reached XP level 11. HP: 78/101 MP: 11/11
 10350 | Lair:1   | Entered Level 1 of the Lair of Beasts
 10515 | Lair:1   | Reached skill level 15 in Axes
 10782 | Lair:1   | Reached ** piety under Trog
 11008 | Lair:2   | Noticed Harold
 11470 | Lair:2   | Found a hole to the Spider Nest.
 11550 | Lair:2   | Reached skill level 16 in Axes
 11598 | Lair:2   | Found a staircase to the Shoals.
 12088 | Lair:2   | Reached skill level 17 in Axes
 12431 | Lair:3   | Reached XP level 12. HP: 91/112 MP: 12/12
 13014 | Lair:3   | Reached skill level 10 in Armour
 13122 | Lair:4   | Found the +7 captain's cutlass {speed, disarm}
 13128 | Lair:4   | Noticed a minotaur
 13133 | Lair:4   | Noticed Ceyroiss's ghost (journeyman HuWn)
 13134 | Lair:4   | Noticed a seven-headed hydra
 13138 | Lair:4   | Noticed a seven-headed hydra
 13328 | Lair:3   | Noticed a six-headed hydra
 13583 | Lair:2   | Killed Harold
 13796 | Lair:4   | Found a runed translucent gate.
 13797 | Lair:4   | Found a runed translucent gate.
 14044 | Lair:4   | Reached *** piety under Trog
 14045 | Lair:4   | Reached skill level 1 in Maces & Flails
 14080 | Lair:4   | Killed a seven-headed hydra
 14094 | Lair:4   | Noticed a skyshark
 14143 | Lair:4   | Noticed a boulder beetle
 14143 | Lair:4   | Noticed a five-headed hydra
 14220 | Lair:4   | Found a runed translucent gate.
 14301 | Lair:5   | Entered Level 5 of the Lair of Beasts
 14453 | Lair:5   | Reached skill level 5 in Maces & Flails
 14554 | Lair:5   | Reached XP level 13. HP: 124/124 MP: 13/13
 14748 | Lair:5   | Found a runed translucent door.
 14749 | Lair:5   | Found a shimmering altar of Xom.
 14749 | Lair:5   | Noticed mihai's ghost (journeyman DjCj)
 15173 | Lair:5   | Reached **** piety under Trog
 15533 | Lair:5   | Noticed a fire dragon
 15584 | Lair:5   | Reached skill level 15 in Fighting
 15930 | Lair:5   | Found a large runed translucent door.
 15944 | Lair:5   | Found a large runed translucent door.
 16127 | Lair:5   | Killed a fire dragon
 16321 | Lair:4   | Found a viscous altar of Jiyva.
 16323 | Lair:4   | Found a staircase to the Slime Pits.
 17456 | D:9      | Killed Gastronok
 17820 | D:10     | Entered Level 10 of the Dungeon
 17885 | D:10     | Reached XP level 14. HP: 129/137 MP: 14/14
 17892 | D:10     | Found Unepaf's Firing Range.
 18057 | D:10     | Identified the +0 robe of Plog {MP+9 Archmagi}
 18166 | D:10     | Reached ***** piety under Trog
 18879 | D:11     | Identified a scroll of acquirement
 19459 | D:12     | Found a staircase to the Orcish Mines.
 19547 | D:12     | Reached skill level 18 in Axes
 19809 | D:12     | Found a broken altar of Ashenzari.
 20175 | D:13     | Noticed Frances
 20443 | D:14     | Found a frozen archway.
 20449 | IceCv    | Entered an ice cave
 20472 | IceCv    | HP: 2/138 [minotaur simulacrum (17)]
 20472 | IceCv    | Mangled by a minotaur simulacrum

Illustrated notes

Levels and vault maps discovered:
D:1:      minmay_arrival_pointy, layout_rooms,
          hellmonk_ecumenical_altar_heavens_door
D:2:      layout_rooms, hex_tiny, grunt_ministairs_4, uniq_terence
D:3:      layout_basic, bloody_makhleb, serial_shops,
          nicolae_shop_rolling_square, nicolae_shop_advertising_works
          [nicolae_subvault_shop_adworks], shop, shop, st_stairs_10, uniq_robin
D:4:      layout_basic, cheibrodos_sewer_entry_drain
D:5:      kb_forest_paths, layout_basic,
          nicolae_uskayaw_murder_on_the_dancefloor, uniq_pikel
D:6:      layout_rooms, kiku_gazebo_pond_becter, enter_ossuary_3, uniq_menkaure,
          uniq_prince_ribbit1, uniq_edmund, uniq_eustachio
D:7:      layout_basic, lemuel_coloured_pillars_altar, general_overflow_altar,
          grunt_temple_overflow_forces_of_nature, minmay_temple_entry_poolview,
          dreamdust_gnoll_farm
D:8:      layout_basic, gammafunk_temple_overflow_statue,
          hellmonk_lair_entry_icy, hangedman_abyss_or_decor_clamps,
          nicolae_shop_vocational, uniq_psyche, uniq_maurice, uniq_erica
D:9:      layout_grid_maze, mainiacjoe_overflow_tiny_flanked,
          serial_park_tiny_pond, uniq_gastronok, uniq_erolcha
D:10:     layout_gridville, serial_co_window_serial, co_window_corner_a,
          co_window_of_opportunity_a, co_window_paths_b, co_window_paths_a,
          co_window_corner_a, co_window_of_opportunity_b, co_window_corner_ca,
          co_window_of_opportunity_b, co_window_broadway_b, co_window_2corner,
          co_window_broadway_b, glass_columns_a, glass_columns_b,
          glass_columns_a, nicolae_shop_firing_range
D:11:     layout_cave_pools
D:12:     layout_cave_pools, david_orc_2, ashenzari_conservatory_becter
D:13:     layout_loops_ring, erik_vaults_2, nicolae_trove_entry_crystal,
          uniq_frances
D:14:     layout_loops_ring, hangedman_decor_lopped,
          portal_ice_cave_entry_pillars_four, uniq_rupert
Temple:   chequers_temple_sunken
Lair:1:   layout_hall_layers, serial_bayou_lagoon_b
Lair:2:   layout_cellular_growth, minmay_shoals_entry_hut,
          nicolae_spider_entry_non_spiders, uniq_harold
Lair:3:   nzn_winding_woodlands_three_and_one [nzn_winding_woodlands_5x15_twine,
          nzn_winding_woodlands_5x15_river_crossing,
          nzn_winding_woodlands_5x15_zeroes,
          nzn_winding_woodlands_center_lodge], layout_big_grid
Lair:4:   layout_roguey, dpeg_slime_entry_corner, maelrawn_ghost_gauntlet_escape
Lair:5:   cheibrodos_lair_end_hotspot, layout_loops_ring, ebering_ghost_xom
IceCv:    ice_cave_caverns_02

Skill      XL: |  1  2  3  4  5  6  7  8  9 10 11 12 13 14 |
---------------+-------------------------------------------+-----
Axes           | 3 4 6 7 10 12 14 17 18 | 18.3
Fighting       | 4 5 6 7 8 10 12 14 16 | 16.8
Shields        | 4 5 |  5.0
Armour         | 4 5 7 8 9 11 13 14 | 14.5
Maces & Flails | 5 7 |  7.2

Action                     |  1- 3 |  4- 6 |  7- 9 | 10-12 | 13-15 || total
---------------------------+-------+-------+-------+-------+-------++-------
  Melee: War axe           |    89 |   191 |   481 |   753 |   674 ||  2188
         Unarmed           |       |       |       |     1 |       ||     1
         Whip              |       |       |       |     5 |    43 ||    48
  Throw: Dart              |       |       |    12 |     7 |     5 ||    24
 Invoke: Berserk           |       |       |       |     4 |     4 ||     8
         Trog's Hand       |       |       |       |       |     2 ||     2
  Evoke: Wand              |       |       |       |     5 |     1 ||     6
    Use: Potion            |       |     7 |     1 |     4 |     5 ||    17
         Scroll            |       |       |     4 |    16 |     2 ||    22
   Stab: Sleeping          |       |       |       |     9 |       ||     9
 Armour: Scale mail        |    55 |    85 |   212 |       |       ||   352
         Steam dragon scal |       |       |     2 |   195 |    72 ||   269
         Plate armour      |       |       |       |       |   181 ||   181
  Dodge: Dodged            |    43 |    74 |   199 |   271 |   159 ||   746
  Block: Buckler           |    18 |    43 |   127 |   171 |   155 ||   514
